 Dungeon Crawl Stone Soup version 0.27.1-34-g3ba077fa99 (webtiles) character file.

Game seed: 3589237911956577267

191 pkoi the Insei (level 5, -2/45 HPs)
             Began as a Draconian Monk on Jan 4, 2022.
             Slain by a hobgoblin (4 damage)
             ... on level 4 of the Dungeon.
             The game lasted 00:03:38 (3569 turns).

pkoi the Insei (Draconian Monk)                     Turns: 3569, Time: 00:03:38

Health: -2/45      AC:  6    Str: 13    XL:     5   Next: 41%
Magic:  5/5        EV: 12    Int: 11    God:
Gold:   14         SH:  6    Dex: 14    Spells: 4/4 levels left

rFire    . . .     SeeInvis .     - Unarmed
rCold    . . .     Faith    .   c - +3 warlock's mirror {reflect}
rNeg     + . .     Spirit   .   (armour unavailable)
rPois    .         Reflect  +   a - +1 hat
rElec    .         Harm     .   (no cloak)
rCorr    .         Rampage  .   (no gloves)
Will     .....                  (no boots)
Stlth    ++........             (no amulet)
HPRegen  0.15/turn              e - ring of positive energy
MPRegen  0.09/turn              (no ring)

@: no status effects
A: AC +5, unfitting armour, cold-blooded
a: no special abilities


You were on level 4 of the Dungeon.
You visited 1 branch of the dungeon, and saw 4 of its levels.

You collected 196 gold pieces.
You spent 182 gold pieces at shops.

Inventory:

Armour
 a - a +1 hat (worn)
 c - the +3 warlock's mirror (worn) {reflect}
   (You acquired it on level 4 of the Dungeon)

   It can block and reflect piercing ranged attacks and magical attacks against
   the wielder's willpower.
Jewellery
 e - a ring of positive energy (left hand)
Scrolls
 i - a scroll of identify
 l - a scroll of acquirement
 n - 2 scrolls of summoning
Potions
 b - 2 potions of haste {unknown}
 f - a potion of flight
 g - a potion of curing {unknown}
 h - a potion of might {unknown}
 k - a potion of attraction {unknown}
 m - 2 potions of magic {unknown}


   Skills:
 - Level 3.3 Fighting
 - Level 2.8 Dodging
 - Level 1.7 Stealth
 * Level 0.1 Shields
 + Level 6.0 Unarmed Combat


You had 4 spell levels left.
You didn't know any spells.
Your spell library contained the following spells:

 Spells                   Type           Power      Damage    Failure   Level
 Magic Dart               Conj           0%         1d3       50%         1
 Call Imp                 Summ           0%         N/A       65%         2
 Corpse Rot               Necr/Air       N/A        N/A       65%         2
 Mephitic Cloud           Conj/Pois/Air  0%         N/A       86%         3
 Stone Arrow              Conj/Erth      0%         3d7       86%         3
 Dispel Undead            Necr           0%         3d6       99%         4
 Death Channel            Necr           0%         N/A       100%        6
 Lehudib's Crystal Spear  Conj/Erth      0%         10d2      100%        8
 Animate Armour           Summ/Erth      Unusable   N/A       N/A         4

Dungeon Overview and Level Annotations

Branches:
Dungeon (4/15)
 Temple: D:4-7

Altars:

Shops:
D:4 [


Innate Abilities, Weirdness & Mutations

Your plain brown scales are hard. (AC +5)
You cannot fit into any form of body armour.
You are cold-blooded and may be slowed by cold attacks.


Message History

You are too injured to fight recklessly!
You are too injured to fight recklessly!
You are too injured to fight recklessly!
You are too injured to fight recklessly!
You are too injured to fight recklessly!
You are too injured to fight recklessly!
You are too injured to fight recklessly!
You are too injured to fight recklessly!
You are too injured to fight recklessly!
You are too injured to fight recklessly!
You are too injured to fight recklessly!
You block the hobgoblin's attack. The dart slug barely misses you.
You hit the hobgoblin.
The hobgoblin is lightly wounded.
The hobgoblin closely misses you. You block the hobgoblin's attack.
You closely miss the hobgoblin.
The hobgoblin is lightly wounded.
The hobgoblin barely misses you. The dart slug launches a dart at you.
The slug dart misses you.
You hit the hobgoblin but do no damage.
The hobgoblin is lightly wounded.
You block the hobgoblin's attack. The hobgoblin hits you with a +0 spear!
The dart slug launches a dart at you. The slug dart hits you.
* * * LOW HITPOINT WARNING * * *
You hit the hobgoblin.
The hobgoblin is severely wounded.
The hobgoblin hits you with a +0 spear!
* * * LOW HITPOINT WARNING * * *
You barely miss the hobgoblin.
The hobgoblin is severely wounded.
The hobgoblin barely misses you.
The dart slug bites you but does no damage.
The hobgoblin hits you with a +0 spear!
* * * LOW HITPOINT WARNING * * *
You closely miss the hobgoblin.
The hobgoblin is severely wounded.
The hobgoblin hits you with a +0 spear.
You die...

###....♣* **,,,,***
#.'....♣ *,...+,*
#.'...♣♣ *♣...+,*
..'....♣ *....+,*
###....♣♣ *♣....#,*
#.....♣♣ ♣♣.....#,*
*##.....♣♣ ♣♣.....#*,*
**,##.....♣♣♣♣♣.....#*,,*
,,,*##......♣...@g.#**,**
**,* ##..........w##*,,*
*,* ##.........## *,**
*,* ##.......##***,*
**,*****#########**,,,*
,,,,,,**,,,,,,,,,,,,,**
*****,*****,*******,** *
*,*****,*******,* *
*,**,,,,,,,,,,,,*


You could see a dart slug and a hobgoblin (berserk).

Vanquished Creatures
  A necrophage (D:4)
  3 adders
  An ufetubus (D:4)
  A worm (D:2)
  5 dart slugs
  8 ball pythons
  4 bats
  3 endoplasms
  10 giant cockroaches
  7 hobgoblins
  5 kobolds
  2 quokkas (D:2)
  2 frilled lizards (D:3)
  6 goblins
  4 rats (D:2)
62 creatures vanquished.

Vanquished Creatures (collateral kills)
  An ufetubus (D:4)
1 creature vanquished.

Grand Total: 63 creatures vanquished

Notes
Turn   | Place    | Note
-------+----------+-------------------------------------------
     0 | D:1      | pkoi the Draconian Monk began the quest for the Orb.
     0 | D:1      | Reached XP level 1. HP: 19/19 MP: 1/1
   461 | D:1      | Reached XP level 2. HP: 26/26 MP: 2/2
   640 | D:1      | Found a faded altar of an unknown god.
   822 | D:1      | Reached skill level 4 in Unarmed Combat
   825 | D:1      | Reached XP level 3. HP: 29/31 MP: 3/3
  2264 | D:2      | Reached XP level 4. HP: 38/38 MP: 4/4
  2772 | D:3      | Reached skill level 5 in Unarmed Combat
  3185 | D:4      | Found Jefuung's Antique Armour Shop.
  3192 | D:4      | Noticed a necrophage
  3210 | D:4      | Killed a necrophage
  3211 | D:4      | Reached skill level 6 in Unarmed Combat
  3211 | D:4      | Reached XP level 5. HP: 20/45 MP: 5/5
  3384 | D:4      | Bought a glowing hat for 182 gold pieces
  3390 | D:4      | Identified 2 scrolls of acquirement
  3390 | D:4      | Acquired the +3 warlock's mirror {reflect}
  3390 | D:4      | Found the +3 warlock's mirror {reflect}
  3568 | D:4      | HP: 2/45 [hobgoblin (7)]
  3569 | D:4      | Slain by a hobgoblin

Illustrated notes

Levels and vault maps discovered:
D:1:      kilobyte_arrival_exit_the_forest, layout_basic,
          hellmonk_ecumenical_altar_pennies_from_heaven,
          minmay_worlds_worst_comb
D:2:      layout_loops_ring, minivault_23
D:3:      layout_basic
D:4:      layout_loops_ring, gammafunk_ghost_nasty_kobolds, kennysheep_donut,
          nicolae_stop_n_shop_1, minmay_between

Skill      XL: |  1  2  3  4 |
---------------+-------------+-----
Unarmed Combat | 4 6 |  6.0
Fighting       | |  3.3
Dodging        | |  2.8
Stealth        | |  1.7
Shields        | |  0.1

Action                   |  1- 3 |  4- 6 || total
-------------------------+-------+-------++-------
Melee: Unarmed           |   162 |    55 ||   217
       Tailslap          |    15 |     5 ||    20
       Punch             |     1 |       ||     1
  Use: Scroll            |       |     8 ||     8
 Stab: Sleeping          |     6 |     6 ||    12
       Distracted        |     1 |       ||     1
Armor: Skin              |    41 |    11 ||    52
Dodge: Dodged            |   105 |    30 ||   135
Block: Buckler           |       |     5 ||     5
